 Dungeon Crawl Stone Soup version 0.30-a0-1066-g63dfefce0d (webtiles) character file.

Game seed: 5998429543275860404

82 dialectric the Trooper (level 4, -4/29 HPs)
             Began as a Gargoyle Fighter on Apr 12, 2023.
             Slain by an iguana (6 damage)
             ... on level 3 of the Dungeon.
             The game lasted 00:01:52 (1330 turns).

dialectric the Trooper (Gargoyle Fighter)           Turns: 1330, Time: 00:01:53

Health: -4/29      AC: 14    Str: 21    XL:     4   Next: 43%
Magic:  4/4        EV:  8    Int:  9    God:
Gold:   61         SH:  0    Dex:  9    Spells: 3/3 levels left

rFire   . . .      SeeInvis .    a - +0 long sword
rCold   . . .      Faith    .    (no shield)
rNeg    + . .      Spirit   .    p - +0 chain mail
rPois   ∞          Reflect  .    (no helmet)
rElec   +          Rampage  .    (no cloak)
rCorr   .                        (no gloves)
Will    .....                    q - +0 pair of boots Stlth
                                 (no amulet)
HPRegen 0.24/turn                (no ring)
MPRegen 0.09/turn                (no ring)

@: no status effects
A: sickness immunity, AC +3, negative energy resistance 1, electricity
resistance, torment resistance 1, petrification resistance
a: no special abilities


You were on level 3 of the Dungeon.
You visited 1 branch of the dungeon, and saw 3 of its levels.

You collected 80 gold pieces.
You spent 19 gold pieces at shops.

Inventory:

Hand Weapons
 a - a +0 long sword (weapon)
Missiles
 o - 5 poisoned darts (quivered)
Armour
 b - a +0 scale mail
 c - a +0 buckler
 p - a +0 chain mail (worn)
 q - a +0 pair of boots (worn)
Jewellery
 l - an amulet of magic regeneration
Scrolls
 i - a scroll of blinking {unknown}
 j - a scroll of enchant armour {unknown}
 k - 2 scrolls of enchant weapon {unknown}
 n - a scroll of identify {unknown}
 r - a scroll of teleportation {unknown}
 s - a scroll of torment {unknown}
 t - a scroll of magic mapping {unknown}
Potions
 d - a potion of might
 e - 2 potions of haste {unknown}
 f - a potion of lignification {unknown}
 g - a potion of magic {unknown}
 h - a potion of mutation {unknown}
 m - 2 potions of curing {unknown}


   Skills:
 + Level 4.0 Fighting
 + Level 3.0 Long Blades
 * Level 4.0 Armour
 + Level 0.4 Dodging
 - Level 3.2 Shields


You had 3 spell levels left.
You didn't know any spells.
Your spell library was empty.

Dungeon Overview and Level Annotations

Branches:
Dungeon (3/15)

Altars:

Shops:
D:1 *


Innate Abilities, Weirdness & Mutations

You are immune to sickness and miasma.
Your stone body is resilient. (AC +3)
You are immune to poison.
You resist negative energy. (rN+)
You are resistant to electric shocks. (rElec)
You are resistant to unholy torment.
You are immune to petrification.


Message History

The iguana barely misses you.
You hit the iguana but do no damage.
The iguana is moderately wounded.
The iguana barely misses you.
You closely miss the iguana.
The iguana is moderately wounded.
The iguana bites you.
You hit the iguana but do no damage.
The iguana is moderately wounded.
The iguana bites you but does no damage.
You hit the iguana.
The iguana is heavily wounded.
The iguana bites you.
The iguana bites you but does no damage.
You hit the iguana.
The iguana is severely wounded.
The iguana bites you.
You closely miss the iguana.
The iguana is severely wounded.
The iguana barely misses you.
You barely miss the iguana.
The iguana is severely wounded.
The iguana bites you!
* * * LOW HITPOINT WARNING * * *
You are too injured to fight recklessly!
You are too injured to fight recklessly!
You are too injured to fight recklessly!
You are too injured to fight recklessly!
You are too injured to fight recklessly!
You are too injured to fight recklessly!
You are too injured to fight recklessly!
You closely miss the iguana.
The iguana is severely wounded.
The iguana bites you but does no damage.
The iguana bites you.
* * * LOW HITPOINT WARNING * * *
You hit the iguana.
The iguana is almost dead.
The iguana bites you.
You die...

.................#
..####.)#.#####.######
......................
..####.##....>..#.#
..# #.##.####..#(# ..
#.##.# #..#.## #.##.#
#..#..# #.##.####..l#
#.##.......@# #.
.....##..#######
..##............ #
####.$####### #..#
#..# ...# ##.## #.


You could see an iguana.

Vanquished Creatures
  2 adders
  2 worms
  3 dart slugs
  3 orcs (D:3)
  2 ball pythons (D:1)
  6 endoplasms
  3 giant cockroaches (D:1)
  7 goblins
  2 hobgoblins
  2 jackals (D:2)
  2 quokkas
  A bat (D:2)
  4 frilled lizards
  3 kobolds
  5 rats
47 creatures vanquished.

Notes
Turn   | Place    | Note
-------+----------+-------------------------------------------
     0 | D:1      | dialectric the Gargoyle Fighter began the quest for the
                  | Orb.
     0 | D:1      | Reached XP level 1. HP: 14/14 MP: 1/1
   161 | D:1      | Reached XP level 2. HP: 13/19 MP: 2/2
   344 | D:1      | Found Vinwais's Assorted Antiques.
   365 | D:1      | Bought a scroll labelled RIUREANATH for 19 gold pieces
   399 | D:1      | Reached XP level 3. HP: 21/24 MP: 3/3
  1079 | D:2      | You fall into a shaft and drop 1 floor!
  1101 | D:3      | Reached XP level 4. HP: 27/29 MP: 4/4
  1330 | D:3      | Slain by an iguana

Illustrated notes

Levels and vault maps discovered:
D:1:      scummos_arrival_simple_crosswalls, layout_rooms, serial_shops, shop,
          st_stairs_9, amcnicky_mini_pool_small
D:2:      layout_basic, dreamdust_ecumenical_altar_angels_and_demons,
          minivault_27
D:3:      layout_loops_ring, minivault_27, uniq_natasha

Skill      XL: |  1  2  3  4 |
---------------+-------------+-----
Long Blades    | 2 3 |  3.0
Fighting       | 4 |  4.0
Armour         | 4 |  4.0
Dodging        | |  0.4
Shields        | |  3.2

Action                     |  1- 3 |  4- 6 || total
---------------------------+-------+-------++-------
  Melee: Long sword        |   114 |    49 ||   163
         Punch             |     1 |       ||     1
  Throw: Dart              |     4 |       ||     4
 Armour: Scale mail        |    73 |       ||    73
         Chain mail        |     5 |    33 ||    38
  Dodge: Dodged            |    55 |    18 ||    73

Table legend: (Time is in decaauts)
 A = Elapsed time spent in this place.
 B = Non-inter-level travel time spent in this place.
 C = Inter-level travel time spent in this place.
 D = Time resting spent in this place.
 E = Time spent auto-exploring this place.
 F = Levels seen in this place.
 G = Mean time per level.
                   A        B        C        D        E       F      G
               +--------+--------+--------+--------+--------+-----+--------+
         Total |   1375 |   1369 |      6 |      0 |    962 |   3 |  458.3 |
       Dungeon |   1375 |   1369 |      6 |      0 |    962 |   3 |  458.3 |
               +--------+--------+--------+--------+--------+-----+--------+

Top non-repeatable levels by time:
     D:1: 570 daAuts
     D:2: 539 daAuts
     D:3: 264 daAuts
